 Dungeon Crawl Stone Soup version 0.28-a0-691-gad6df49e81 (webtiles) character file.

Game seed: 13688447613985315985

3326 ytrimaz the Cleaver (level 10, -1/63 HPs)
             Began as a Formicid Fighter on Oct 20, 2021.
             Was a Follower of Hepliaklqana.
             Slain by a fire bat (9 damage)
             ... on level 8 of the Dungeon.
             The game lasted 00:12:25 (10755 turns).

ytrimaz the Cleaver (Formicid Fighter)             Turns: 10755, Time: 00:12:26

Health: -1/63      AC: 10    Str: 23    XL:     10   Next: 21%
Magic:  10/10      EV:  9    Int:  9    God:    Hepliaklqana [*.....]
Gold:   434        SH:  5    Dex: 16    Spells: 9/9 levels left

rFire   . . .      SeeInvis +   a - +1 war axe
rCold   . . .      Faith    .   c - +0 buckler
rNeg    . . .      Spirit   .   b - +0 scale mail
rPois   .          Reflect  .   (helmet unavailable)
rElec   .          Harm     .   m - +0 cloak
rCorr   .          Rampage  .   y - +1 pair of gloves
Will    ++...                   (no boots)
Stlth   ..........              (no amulet)
HPRegen 0.20/turn               k - +6 ring of dexterity
MPRegen 0.12/turn               p - ring of willpower

@: no status effects
A: reduced essence, permanent stasis, dig shafts and tunnels, antennae 3, four
strong arms
a: Dig, Shaft Self, Renounce Religion, Recall Ancestor, Ancestor Identity


You were on level 8 of the Dungeon.
You worshipped Hepliaklqana.
Hepliaklqana was aware of your devotion.
You visited 2 branches of the dungeon, and saw 9 of its levels.

You collected 434 gold pieces.

Inventory:

Hand Weapons
 a - a +1 war axe (weapon)
 t - the +6 mace of Yquegres {vorpal, rElec Str+4}
   (You found it on level 7 of the Dungeon)

   It inflicts extra damage upon your enemies.
   Str:       It affects your strength (+4).
   rElec:     It insulates you from electricity.
Missiles
 h - 2 throwing nets
Armour
 b - a +0 scale mail (worn)
 c - a +0 buckler (worn)
 m - a +0 cloak (worn)
 y - a +1 pair of gloves (worn)
Jewellery
 g - a ring of ice
 i - a ring of wizardry
 k - a +6 ring of dexterity (left hand)
 p - a ring of willpower (right hand)
 q - a ring of protection from fire
Wands
 r - a wand of acid (4)
 s - a wand of polymorph (7)
 v - a wand of digging (9)
Scrolls
 d - a scroll of enchant armour
 j - 2 scrolls of amnesia
 o - 2 scrolls of holy word
 x - a scroll of fear
Potions
 e - a potion of heal wounds
 f - a potion of curing
 l - a potion of haste
 n - a potion of mutation {unknown}
 u - a potion of berserk rage {unknown}
 w - a potion of might


   Skills:
 - Level 3.2 Fighting
 * Level 13.8 Axes
 - Level 3.2 Armour
 - Level 3.6 Shields


You had 9 spell levels left.
You didn't know any spells.
Your spell library contained the following spells:

 Spells                   Type           Power      Damage    Failure   Level
 Sandblast                Erth           0%         2d4       69%         1
 Corpse Rot               Necr/Air       0%         N/A       83%         2
 Passwall                 Tmut/Erth      0%         N/A       83%         2
 Stone Arrow              Conj/Erth      0%         3d7       96%         3
 Summon Guardian Golem    Hex/Summ       0%         N/A       96%         3
 Dispel Undead            Necr           0%         3d6       100%        4
 Alistair's Intoxication  Tmut/Pois      0%         N/A       100%        5
 Borgnjor's Vile Clutch   Necr/Erth      0%         N/A       100%        5
 Death Channel            Necr           0%         N/A       100%        6
 Eringya's Noxious Bog    Tmut/Pois      0%         N/A       100%        6
 Orb of Destruction       Conj           0%         N/A       100%        7
 Spellforged Servitor     Conj/Summ      0%         N/A       100%        7


Dungeon Overview and Level Annotations

Branches:
Dungeon (8/15)             Temple (1/1) D:5
   Lair: D:8-11

Altars:
Ashenzari
Cheibriados
Dithmenos
Elyvilon
Fedhas
Gozag
Hepliaklqana
Kikubaaqudgha
Nemelex Xobeh
Okawaru
Qazlal
Ru
Sif Muna
Trog
Uskayaw
Wu Jian
Zin
The Shining One

Shops:
D:1 (   D:2 =


Innate Abilities, Weirdness & Mutations

Your life essence is reduced to manifest your ancestor. (-10% HP)
You cannot be hasted, slowed, berserked, paralysed or teleported.
You can dig through walls and to a lower floor.
You have a pair of large antennae on your head. (SInv)
Your four strong arms can wield two-handed weapons with a shield.


Message History

Quezotl resists.
Quezotl is destroyed!
Unknown command.
You hit the fire bat.
The fire bat is severely wounded.
The fire bat bites you but does no damage. x2
You closely miss the fire bat.
The fire bat is severely wounded.
The fire bat bites you but does no damage.
Unknown command.
You slash the fire bat!
You kill the fire bat!
The fire bat bites you.
* * * LOW HITPOINT WARNING * * *
You are engulfed in flames!
* * * LOW HITPOINT WARNING * * *
You close the door.
The fire bat bites you but does no damage.
You feel better. The fire bat closely misses you.
You block the fire bat's attack. The fire bat bites you.
* * * LOW HITPOINT WARNING * * *
You are engulfed in flames!
* * * LOW HITPOINT WARNING * * *
You feel better. The fire bat misses you. You block the fire bat's attack.
You barely miss the fire bat.
The fire bat bites you but does no damage.
The fire bat bites you.
* * * LOW HITPOINT WARNING * * *
You are engulfed in flames.
* * * LOW HITPOINT WARNING * * *
A wight comes into view. It is wielding a +0 war axe.
You feel better. You block the fire bat's attack.
The fire bat bites you but does no damage.
A wight comes into view.
It is wielding a +4 falchion of freezing.
The fire bat completely misses you.
There is a stone staircase leading up here.
The fire bat bites you.
* * * LOW HITPOINT WARNING * * *
You are engulfed in flames!
You die...

§h{≈.###......#
{ {§ ≈≈.#.....#
# { ..#.#.#.##
# {.#......# #
#+.#.#..# { #
#.......# #
####z#..#
#.####
#.###.#..#
...{...
#..b@...#
##.####
#[###.#..[zz.
#....###.
##.#.# .#.# .#
. .. .. .#


You could see a fire bat and 3 wights.

Vanquished Creatures
  Pikel (D:7)
  2 fire bats (D:8)
  A wyvern (D:7)
  An acid dragon (D:8)
  Duvessa (D:6)
  A hornet zombie (D:5)
  A sky beast (D:7)
  3 ogres
  3 centaurs
  2 lemures (D:7)
  A phantom (D:7)
  A bullfrog (D:7)
  A scorpion (D:7)
  A gnoll sergeant (D:5)
  Dowan (D:5)
  A water moccasin zombie (D:5)
  A water moccasin skeleton (D:6)
  A centaur zombie (D:7)
  3 howler monkeys
  A jelly (D:5)
  3 orc priests
  4 hounds
  Crazy Yiuf (D:7)
  3 bullfrog skeletons
  2 centaur skeletons (D:6)
  A scorpion zombie (D:3)
  2 iguanas (D:6)
  An orc wizard (D:7)
  A killer bee zombie (D:5)
  A hound zombie (D:5)
  A hound skeleton (D:4)
  A howler monkey zombie (D:4)
  8 gnolls
  8 adders
  3 white imps
  An ufetubus (D:5)
  2 adder skeletons (D:4)
  4 worms
  2 dart slugs (D:2)
  19 orcs
  2 ball pythons (D:2)
  7 bats
  10 endoplasms
  A giant cockroach (D:1)
  6 hobgoblins
  A quokka (D:4)
  6 frilled lizards
  9 goblins
  3 kobolds
  9 rats
150 creatures vanquished.

Vanquished Creatures (collateral kills)
  A fire bat (D:8)
1 creature vanquished.

Vanquished Creatures (others)
  3 ancestors
  A plant (D:1)
4 creatures vanquished.

Grand Total: 155 creatures vanquished

Notes
Turn   | Place    | Note
-------+----------+-------------------------------------------
     0 | D:1      | ytrimaz the Formicid Fighter began the quest for the Orb.
     0 | D:1      | Reached XP level 1. HP: 18/18 MP: 1/1
    74 | D:1      | Reached XP level 2. HP: 19/24 MP: 2/2
   413 | D:1      | Found a faded altar of an unknown god.
   649 | D:1      | Reached skill level 3 in Axes
   656 | D:1      | Found Vadol's Antique Weapon Emporium.
  1149 | D:2      | Reached XP level 3. HP: 29/29 MP: 3/3
  1749 | D:2      | Found Owkayl's Jewellery Shoppe.
  1764 | D:2      | Reached skill level 4 in Axes
  1764 | D:2      | Reached XP level 4. HP: 33/35 MP: 4/4
  2631 | D:3      | Found a blossoming altar of Fedhas.
  2950 | D:3      | Reached XP level 5. HP: 40/41 MP: 5/5
  3064 | D:3      | Reached skill level 5 in Axes
  3811 | D:4      | Reached XP level 6. HP: 47/47 MP: 6/6
  3839 | D:4      | Reached skill level 6 in Axes
  4773 | D:5      | Entered Level 5 of the Dungeon
  4792 | D:5      | Reached skill level 7 in Axes
  4792 | D:5      | Reached XP level 7. HP: 32/52 MP: 7/7
  4797 | D:5      | Identified the +4 ring mail of the Game of Kings {Harm
                  | *Corrode Str+2}
  5183 | D:5      | Found a staircase to the Ecumenical Temple.
  5200 | Temple   | Entered the Ecumenical Temple
  5262 | Temple   | Became a worshipper of Hepliaklqana the Forgotten
  5426 | D:4      | Reached skill level 8 in Axes
  6028 | D:6      | Noticed Dowan
  6039 | D:5      | Reached XP level 8. HP: 36/58 MP: 8/8
  6334 | D:5      | Reached skill level 9 in Axes
  6763 | D:6      | Noticed Duvessa
  7035 | D:6      | Killed Duvessa
  7055 | D:5      | Killed Dowan
  7329 | D:6      | Found a shadowy altar of Dithmenos.
  7343 | D:6      | Reached skill level 10 in Axes
  7620 | D:6      | Found a white marble altar of Elyvilon.
  8118 | D:6      | Found a glowing golden altar of the Shining One.
  8150 | D:7      | Identified the +6 mace of Yquegres {vorpal, rElec Str+4}
  8156 | D:7      | Found a runed translucent door.
  8157 | D:7      | Noticed Crazy Yiuf
  8172 | D:7      | Reached XP level 9. HP: 29/64 MP: 9/9
  8517 | D:7      | Reached skill level 11 in Axes
  8563 | D:7      | Noticed Pikel
  8578 | D:7      | Killed Pikel
  8852 | D:7      | Reached skill level 12 in Axes
  9011 | D:7      | Reached * piety under Hepliaklqana
  9055 | D:7      | Found a sparkling altar of Nemelex Xobeh.
  9935 | D:7      | Noticed a two-headed ogre
 10415 | D:7      | Killed Crazy Yiuf
 10462 | D:8      | Reached skill level 13 in Axes
 10462 | D:8      | Reached XP level 10. HP: 38/63 MP: 10/10
 10750 | D:8      | HP: 3/63 [fire bat (6)]
 10755 | D:8      | Slain by a fire bat

Illustrated notes

Levels and vault maps discovered:
D:1:      giann_bridges, layout_basic, serial_shops,
          nicolae_shop_overgrown_old_shop, shapermc_ecumenical_altar_gd
D:2:      layout_basic, serial_shops, shop
D:3:      minmay_angry_zag, layout_loops_corners, mainiacjoe_overflow_24_doors
D:4:      layout_basic, minmay_door_square, grunt_ministairs_5,
          grunt_decor_one_mirror
D:5:      layout_rooms, minmay_temple_entry_statues_fountains
D:6:      layout_loops_ring, mainiacjoe_overflow_big_doors,
          mainiacjoe_overflow_surrounded_room, grunt_decor_arrowhead,
          kennysheep_generic_room_15, uniq_duvessa
D:7:      layout_basic, nemelex_diamond_rough_becter, uniq_pikel,
          uniq_crazy_yiuf_cottage
D:8:      layout_loops_ring, makhleb_blood_cavern_becter, hangedman_incinerator
Temple:   cyrus_circular_temple

Skill      XL: |  1  2  3  4  5  6  7  8  9 |
---------------+----------------------------+-----
Axes           | 3 4 5 7 8 10 13 | 13.8
Fighting       | |  3.2
Armour         | |  3.2
Shields        | |  3.6

Action                   |  1- 3 |  4- 6 |  7- 9 | 10-12 || total
-------------------------+-------+-------+-------+-------++-------
Melee: War axe           |    71 |   154 |   280 |    25 ||   530
Invok: Ancestor Identity |       |       |     2 |       ||     2
 Abil: Dig               |       |     1 |     5 |       ||     6
  Use: Scroll            |     1 |     4 |     7 |       ||    12
       Potion            |       |     1 |     4 |     3 ||     8
Armor: Scale mail        |    45 |    55 |    98 |    16 ||   214
Dodge: Dodged            |    39 |    64 |   129 |    14 ||   246
Block: Buckler           |    24 |    33 |    66 |    11 ||   134

Table legend: (Time is in decaauts)
 A = Elapsed time spent in this place.
 B = Non-inter-level travel time spent in this place.
 C = Inter-level travel time spent in this place.
 D = Time resting spent in this place.
 E = Time spent auto-exploring this place.
 F = Levels seen in this place.
 G = Mean time per level.
                   A        B        C        D        E       F      G
               +--------+--------+--------+--------+--------+-----+--------+
         Total |  10827 |  10534 |    293 |   1938 |   7028 |   9 | 1203.0 |
       Dungeon |  10749 |  10465 |    284 |   1938 |   6982 |   8 | 1343.6 |
        Temple |     78 |     69 |      9 |      0 |     46 |   1 |   78.0 |
               +--------+--------+--------+--------+--------+-----+--------+

Top non-repeatable levels by time:
     D:5: 2219 daAuts
     D:7: 2088 daAuts
     D:4: 1537 daAuts
     D:6: 1339 daAuts
     D:3: 1287 daAuts
     D:1: 1125 daAuts
     D:2: 1077 daAuts
  Temple: 78 daAuts
     D:8: 73 daAuts
